 Dungeon Crawl Stone Soup version 0.26-a0-808-g930a2b7adc (webtiles) character file.

Game seed: 13470120647237707287

69824 Morbidden the Grappler (level 14, -4/110 HPs)
             Began as a Demonspawn Fighter on Nov 12, 2020.
             Was the Champion of Cheibriados.
             Slain by a death knight
             ... wielding a +1 glaive of pain
              (8 damage)
             ... on level 10 of the Dungeon.
             The game lasted 00:49:36 (21703 turns).

Morbidden the Grappler (Demonspawn Fighter)        Turns: 21703, Time: 00:49:36

Health: -4/110     AC:  8    Str: 35    XL:     14   Next: 91%
Magic:  14/27      EV: 16    Int: 29    God:    Cheibriados [******]
Gold:   1179       SH: 14    Dex: 28    Spells: 19/31 levels left

rFire    + + +     SeeInvis .     - Unarmed
rCold    . . .     Faith    .   c - +0 kite shield
rNeg     . . .     Spirit   .   J - +1 troll leather armour
rPois    .         Reflect  .   (helmet unavailable)
rElec    .         Harm     .   (no cloak)
rCorr    .         Rampage  .   K - +1 pair of gloves {Str+3}
MR       +....                  (no boots)
Stlth    +++.......             N - amulet of regeneration
HPRegen  1.08/turn              j - ring of Wonder {Wiz rF++}
MPRegen  0.20/turn              x - +4 ring of slaying

@: frozen ramparts, very slow
A: claws 1, hooves 2, horns 3, fire resistance 1, spiny 1, flame cloud immunity
a: Bend Time, Temporal Distortion, Slouch, Step From Time, Renounce Religion


You were on level 10 of the Dungeon.
You worshipped Cheibriados.
Cheibriados was exalted by your worship.
You visited 3 branches of the dungeon, and saw 20 of its levels.
You also visited: Sewer, Ossuary, Ice Cave and Volcano.

You collected 1772 gold pieces.
You spent 593 gold pieces at shops.

Inventory:

Hand Weapons
 I - a +3 scimitar of flaming
Missiles
 i - 14 boomerangs (quivered)
Armour
 c - a +0 kite shield (worn)
 G - +0 steam dragon scales
 J - a +1 troll leather armour (worn)
 K - a +1 pair of gloves of strength (worn)
Jewellery
 j - the ring of Wonder (left hand) {Wiz rF++}
   (You bought it in a shop on level 4 of the Dungeon)

   [ring of wizardry]

   It improves your spell success rate.
   It greatly protects you from fire.
 o - an uncursed ring of protection from cold
 x - a +4 ring of slaying (right hand)
 N - an amulet of regeneration (around neck)
Wands
 a - a wand of polymorph (22)
 s - a wand of digging (8)
 B - a wand of enslavement (16)
 C - a wand of iceblast (3)
 F - a wand of flame (55)
 P - a wand of paralysis (8)
 R - a wand of acid (19)
Scrolls
 e - 11 scrolls of teleportation
 f - 9 scrolls of remove curse
 m - a scroll of fear
 n - 3 scrolls of enchant weapon
 p - 2 scrolls of fog
 r - a scroll of magic mapping
 w - a scroll of holy word
 y - 5 scrolls of amnesia
 L - a scroll of silence
 M - a scroll of summoning
 O - a scroll of enchant armour
 U - 7 scrolls of identify
Potions
 b - a potion of brilliance
 d - 7 potions of attraction
 g - 4 potions of might
 h - 3 potions of berserk rage
 k - 3 potions of degeneration
 l - 4 potions of lignification
 q - 4 potions of flight
 t - 2 potions of curing
 u - 2 potions of ambrosia {unknown}
 v - a potion of cancellation {unknown}
 z - 2 potions of haste {unknown}
 A - 6 potions of mutation
 Q - 2 potions of resistance
 S - a potion of invisibility {unknown}
 T - 3 potions of heal wounds
Miscellaneous
 D - a box of beasts
 E - a condenser vane
 H - a phial of floods


   Skills:
 * Level 10.1 Fighting
 - Level 3.1 Long Blades
 + Level 3.4 Throwing
 + Level 5.9 Armour
 + Level 5.5 Dodging
 * Level 5.9 Stealth
 * Level 8.1 Shields
 * Level 12.1 Unarmed Combat
 * Level 9.4 Spellcasting
 + Level 1.1 Transmutations
 + Level 1.4 Fire Magic
 + Level 2.5 Ice Magic
 + Level 2.1 Air Magic
 + Level 6.9 Poison Magic
 * Level 11.9 Invocations
 + Level 0.1 Evocations


You had 19 spell levels left.
You knew the following spells:

 Your Spells              Type           Power        Failure   Level
a - Poisonous Vapours     Pois/Air       #####.       1%          2
b - Olgreb's Toxic Radia  Pois           ######..     2%          4
c - Ignite Poison         Fire/Tmut/Pois ####....     3%          3
d - Frozen Ramparts       Ice            ####..       4%          3

Your spell library contained the following spells:

 Spells                   Type           Power        Failure   Level
 Freeze                   Ice            ####         1%          1
 Sting                    Tmut/Pois      ####         1%          1
 Beastly Appendage        Tmut           ###...       2%          1
 Spider Form              Tmut/Pois      #####.....   2%          3
 Mephitic Cloud           Conj/Pois/Air  ####....     3%          3
 Animate Skeleton         Necr           ##....       4%          1
 Apportation              Tloc           ##....       4%          1
 Corona                   Hex            ##.....      4%          1
 Pain                     Necr           ##..         4%          1
 Summon Small Mammal      Summ           ##..         4%          1
 Corpse Rot               Necr/Air       N/A          4%          2
 Wereblood                Tmut           ###.....     4%          2
 Ozocubu's Armour         Ice            ####....     4%          3
 Call Imp                 Summ           ##......     6%          2
 Slow                     Hex            ##......     6%          2
 Inner Flame              Hex/Fire       ###.....     10%         3
 Call Canine Familiar     Summ           ##......     12%         3
 Portal Projectile        Hex/Tloc       ##....       12%         3
 Stone Arrow              Conj/Erth      ##....       12%         3
 Summon Guardian Golem    Hex/Summ       ##......     12%         3
 Vampiric Draining        Necr           ##........   12%         3
 Hailstorm                Conj/Ice       ###.....     24%         4
 Summon Ice Beast         Ice/Summ       ###.....     24%         4
 Summon Lightning Spire   Summ/Air       ###.....     26%         4
 Animate Dead             Necr           ##........   38%         4
 Cause Fear               Hex            ##........   38%         4
 Leda's Liquefaction      Hex/Erth       ##........   38%         4
 Agony                    Necr           ##......     71%         5
 Summon Forest            Summ/Tloc      ##........   71%         5
 Eringya's Noxious Bog    Tmut/Pois      #####.....   73%         6
 Hydra Form               Tmut           ###.......   98%         6
 Summon Hydra             Summ           ##........   100%        7


Dungeon Overview and Level Annotations

Branches:
Dungeon (13/15)            Temple (0/1) D:7            Lair (6/6) D:8
  Swamp (0/4) Lair:2       Spider (1/4) Lair:4        Slime (0/5) Lair:5
    Orc (0/2) D:12          Sewer (visited)         Ossuary (visited)
  IceCv (visited)         Volcano (visited)
 Vaults: D:13-14

Altars:
Ashenzari
Cheibriados
Dithmenos
Elyvilon
Fedhas
Makhleb
Nemelex Xobeh
Qazlal
Ru
Uskayaw
Vehumet
Xom
The Shining One
Beogh
Jiyva

Shops:
D:4 ?!==:   D:6 (   D:10 *

Portals:
Trove: D:13 (give 12 potions of heal wounds)

Annotations:
D:8 exclusion: 2 oklob saplings
Lair:2 exclusion: 2 oklob plants
Lair:3 3 runed translucent doors, stillor's ghost, journeyman OpTm
Lair:4 2 transporters
Lair:5 exclusion: 3 oklob plants


Innate Abilities, Weirdness & Mutations

You have sharp fingernails.
You have hoof-like feet.
You have a pair of large horns on your head.
Your flesh is heat resistant. (rF+)
You are partially covered in sharp spines.
You are immune to clouds of flame.


Message History

The death knight reflects your damage back at you! x2
The wall freezes the death knight.
The death knight is struck by your spines.
The death knight hits you with a +1 glaive of pain.
You writhe in agony!
The death knight reflects your damage back at you!
The death knight reflects your damage back at you!
Unknown command.
Unknown command.
Unknown command.
Unknown command.
You can feel time thicken for a moment.
The death knight reflects your damage back at you!
* * * LOW HITPOINT WARNING * * *
Your toxic aura wanes.
The wall freezes the death knight.
The death knight hits you with a +1 glaive of pain!!
* * * LOW HITPOINT WARNING * * *
You writhe in agony!
You die...

....# #.#....# #..... #####
############.#....# ###.## ....#
#.........##.#....# #... .##.#
#.........##.#....# #..# ....#
#.........##.#....#####..#
.#######.........##.'....'..##..#
.......'............#....##.##..#
.#######..W....p.##.#######.##..#
.#########.#...#@.#.# #.##..#
+#..>......#.#.#..#.# #.##..#
...#####.#.#.#.#..#.# ###.##..#
...'.....#.#.#....#.#####..(((.((
...#####.#........#+##......#####
......##.###.#.......#...........
......'......#.##....#.....######
......##.#####.##....#.....#
......##.#....†.#....####.##


You could see a death knight (reflects damage, poisoned) and a phantasmal
warrior.

Vanquished Creatures
  Gastronok (Lair:2)
  A stone giant (Volcano)
  A fire dragon (Lair:6)
  An ice dragon (D:10)
  6 hydras
  3 boulder beetles
  A catoblepas (Lair:6)
  2 two-headed ogres
  5 death yaks (Lair:6)
  Erica (D:11)
  A deep troll earth mage (D:10)
  An unseen horror (D:11)
  A swamp dragon (Lair:6)
  An orc knight (D:12)
  4 ugly things
  3 cyclopes
  9 elephants
  Joseph (Lair:1)
  2 ice statues (IceCv)
  20 cane toads
  2 gargoyles (Volcano)
  7 black mambas
  3 centaur zombies
  Maggie (D:7)
  5 rime drakes
  9 komodo dragons
  An efreet (Volcano)
  A kobold demonologist (D:13)
  2 trolls (D:11)
  A hornet (D:8)
  8 dream sheep
  18 blink frogs
  A redback (Spider:1)
  2 wraiths (Ossuary)
  2 basilisks
  6 wyverns
  3 fire elementals (Volcano)
  52 yaks
  4 vampire mosquitoes (Lair:2)
  A steam dragon (Lair:6)
  A soldier ant (D:11)
  An acid dragon (D:10)
  16 water moccasins
  4 swamp drakes (Lair:6)
  4 orc warriors
  5 sky beasts
  3 black bears
  3 phantoms
  18 ice beasts
  An eye of draining (D:11)
  8 ogres
  43 wolves (Lair:3)
  2 necrophages
  14 centaurs
  13 bullfrogs
  A big kobold (D:13)
  4 scorpions
  27 killer bees
  19 wights
  2 electric eels (Lair:2)
  A crimson imp (D:6)
  A howler monkey (D:4)
  12 hounds
  2 human zombies (D:5)
  3 centaur skeletons
  4 orc wizards
  4 bullfrog skeletons
  5 orc priests
  4 jellies
  9 iguanas
  Ijyb (D:3)
  3 human skeletons (D:5)
  10 worker ants
  A hound skeleton (D:9)
  23 adders
  2 shadow imps
  2 white imps
  3 ufetubi
  5 oozes
  An adder zombie (D:6)
  An adder skeleton (D:8)
  6 worms
  2 dart slugs
  9 leopard geckos
  31 orcs
  10 giant cockroaches
  8 goblins
  10 hobgoblins
  12 jackals
  4 quokkas
  9 ball pythons
  A ball python skeleton (Ossuary)
  11 bats
  6 frilled lizards
  A hobgoblin skeleton (Ossuary)
  A hobgoblin zombie (Ossuary)
  9 kobolds
  3 kobold zombies (Ossuary)
  A leopard gecko zombie (D:8)
  An orc skeleton (D:5)
  An orc zombie (Ossuary)
  12 rats
628 creatures vanquished.

Vanquished Creatures (collateral kills)
  A centaur zombie (D:12)
1 creature vanquished.

Vanquished Creatures (others)
  A basilisk (Lair:6)
  A bush (D:8)
  24 fungi
  28 plants
54 creatures vanquished.

Grand Total: 683 creatures vanquished

Notes
Turn   | Place    | Note
-------+----------+-------------------------------------------
     0 | D:1      | Morbidden the Demonspawn Fighter began the quest for the
                  | Orb.
     0 | D:1      | Reached XP level 1. HP: 18/18 MP: 1/1
   211 | D:1      | Gained mutation: You have large cloven feet. [demonic
                  | ancestry]
   211 | D:1      | Reached XP level 2. HP: 5/24 MP: 2/2
   720 | D:1      | Gained mutation: Your flesh is heat resistant. (rF+)
                  | [demonic ancestry]
   720 | D:1      | Reached XP level 3. HP: 29/29 MP: 3/3
  1348 | D:2      | Gained mutation: You have a pair of small horns on your
                  | head. [demonic ancestry]
  1348 | D:2      | Reached XP level 4. HP: 35/35 MP: 4/4
  1380 | D:2      | Found a white marble altar of Elyvilon.
  1525 | D:2      | Found a radiant altar of Vehumet.
  1604 | D:2      | Found a sacrificial altar of Ru.
  1604 | D:2      | Found a hide-covered altar of Uskayaw.
  1752 | D:3      | Found a snail-covered altar of Cheibriados.
  1786 | D:3      | Became a worshipper of Cheibriados the Contemplative
  1908 | D:3      | Reached * piety under Cheibriados
  2227 | D:3      | Noticed Ijyb
  2271 | D:3      | Killed Ijyb
  2271 | D:3      | Reached skill level 1 in Spellcasting
  2442 | D:4      | Found Bumut's Distillery.
  2445 | D:4      | Bought a potion of might for 48 gold pieces
  2453 | D:4      | Found Uhued's Jewellery Shoppe.
  2455 | D:4      | Found Beupaohu's Jewellery Shoppe.
  2455 | D:4      | Noticed an ogre
  2457 | D:4      | Reached XP level 5. HP: 40/41 MP: 6/6
  2460 | D:4      | Killed an ogre
  2460 | D:4      | Reached skill level 1 in Unarmed Combat
  2460 | D:4      | Reached skill level 1 in Invocations
  2507 | D:4      | Found Zuokaxke's Book Emporium.
  2549 | D:4      | Found a glowing drain.
  2579 | Sewer    | Entered a sewer
  2589 | Sewer    | Reached ** piety under Cheibriados
  2904 | Sewer    | Gained mutation: You are partially covered in sharp spines.
                  | [demonic ancestry]
  2904 | Sewer    | Reached XP level 6. HP: 48/48 MP: 8/8
  3394 | D:4      | Noticed an ice beast
  3400 | D:4      | Killed an ice beast
  3400 | D:4      | Reached skill level 1 in Dodging
  3463 | D:4      | Found a broken altar of Ashenzari.
  3502 | D:4      | Found Ucwasar's Magic Scroll Emporium.
  3526 | D:4      | Reached skill level 2 in Unarmed Combat
  3551 | D:4      | Reached XP level 7. HP: 45/54 MP: 9/9
  3728 | D:5      | Entered Level 5 of the Dungeon
  3777 | D:5      | Reached *** piety under Cheibriados
  3778 | D:5      | Found a sand-covered staircase.
  3823 | Ossuary  | Entered an ossuary
  3978 | Ossuary  | Noticed a flying skull
  3978 | Ossuary  | Noticed a wraith
  3989 | Ossuary  | Noticed a flying skull
  4010 | Ossuary  | Noticed a flying skull
  4019 | Ossuary  | Noticed a wraith
  4022 | Ossuary  | Killed a wraith
  4056 | Ossuary  | Noticed a wraith
  4060 | Ossuary  | Killed a wraith
  4060 | Ossuary  | Gained mutation: You have sharp fingernails. [demonic
                  | ancestry]
  4060 | Ossuary  | Reached XP level 8. HP: 54/61 MP: 8/12
  4160 | D:5      | Found a broken altar of Ashenzari.
  4181 | D:5      | Reached skill level 3 in Unarmed Combat
  4645 | D:5      | Reached skill level 5 in Fighting
  4784 | D:5      | Reached **** piety under Cheibriados
  4991 | D:5      | Found a sparkling altar of Nemelex Xobeh.
  5356 | D:6      | Found a shimmering altar of Xom.
  5356 | D:6      | Found a burning altar of Makhleb.
  5408 | D:6      | Reached skill level 4 in Unarmed Combat
  5576 | D:6      | Found Oploserph's Antique Weapon Shop.
  5758 | D:7      | Found a stormy altar of Qazlal.
  5808 | D:7      | Found a staircase to the Ecumenical Temple.
  5867 | D:7      | Found a sparkling altar of Nemelex Xobeh.
  5940 | D:7      | Reached skill level 1 in Stealth
  5940 | D:7      | Gained mutation: You have a pair of horns on your head.
                  | [demonic ancestry]
  5940 | D:7      | Reached XP level 9. HP: 45/68 MP: 9/14
  6179 | D:7      | Reached skill level 5 in Invocations
  6208 | D:7      | Reached skill level 5 in Armour
  6261 | D:7      | Noticed Maggie
  6271 | D:7      | Killed Maggie
  6271 | D:7      | Reached skill level 5 in Shields
  6271 | D:7      | Reached skill level 5 in Unarmed Combat
  6399 | D:7      | Found a white marble altar of Elyvilon.
  6399 | D:7      | Found a blossoming altar of Fedhas.
  7018 | D:8      | Reached ***** piety under Cheibriados
  7228 | D:8      | Found a staircase to the Lair.
  7228 | D:8      | Noticed an elephant
  7237 | D:8      | Reached skill level 6 in Unarmed Combat
  7244 | D:8      | Killed an elephant
  7247 | D:8      | Reached XP level 10. HP: 34/76 MP: 4/16
  7702 | D:8      | Found a blossoming altar of Fedhas.
  7704 | D:8      | Identified the Almanac of Nature
  8239 | D:9      | Reached skill level 7 in Unarmed Combat
  8739 | D:9      | Reached ****** piety under Cheibriados
  8740 | D:9      | Noticed a boulder beetle
  9162 | D:9      | Killed a boulder beetle
  9162 | D:9      | Reached skill level 1 in Throwing
  9162 | D:9      | Reached skill level 5 in Spellcasting
  9411 | D:10     | Entered Level 10 of the Dungeon
  9414 | D:10     | Reached skill level 8 in Unarmed Combat
  9587 | D:10     | Learned a level 4 spell: Olgreb's Toxic Radiance
  9590 | D:10     | Learned a level 2 spell: Poisonous Vapours
  9685 | D:10     | Gained mutation: You have hoof-like feet. [demonic
                  | ancestry]
  9685 | D:10     | Reached XP level 11. HP: 76/83 MP: 14/18
 10014 | D:10     | Noticed a white ugly thing
 10019 | D:10     | Killed a white ugly thing
 10028 | D:10     | Found Hanawoux's Assorted Antiques.
 10070 | D:10     | Noticed a deep troll earth mage
 10070 | D:10     | Noticed an ice dragon
 10076 | D:10     | Killed a deep troll earth mage
 10076 | D:10     | Reached skill level 1 in Poison Magic
 10081 | D:10     | Killed an ice dragon
 10094 | D:10     | Got a glimmering whip
 10097 | D:10     | Identified the cursed +1 whip of the Dove {drain, rN++
                  | Str-4} (You found it on level 10 of the Dungeon)
 10247 | D:10     | Noticed a two-headed ogre
 10251 | D:10     | Killed a two-headed ogre
 10491 | D:10     | Noticed a skeletal warrior
 10491 | D:10     | Noticed a death knight
 10492 | D:10     | Noticed a skeletal warrior
 10492 | D:10     | Noticed a phantasmal warrior
 10500 | D:10     | HP: 3/84 [skeletal warrior/+1 glaive of flaming[a death
                  | knight] (2)]
 10810 | D:11     | Noticed a cyan ugly thing
 10815 | D:11     | Killed an unseen horror
 10815 | D:11     | Reached skill level 9 in Unarmed Combat
 10818 | D:11     | Killed a cyan ugly thing
 10829 | D:11     | Noticed Erica
 10831 | D:11     | Found a sacrificial altar of Ru.
 10838 | D:11     | Killed Erica
 10931 | D:11     | Found a frozen archway.
 11048 | IceCv    | Entered an ice cave
 11048 | IceCv    | Noticed a white ugly thing
 11055 | IceCv    | Killed a white ugly thing
 11333 | IceCv    | Found a transporter.
 11356 | IceCv    | Noticed a white ugly thing
 11363 | IceCv    | Killed a white ugly thing
 11380 | IceCv    | Found a transporter.
 11387 | IceCv    | HP: 3/85 [ice beast[an ice statue] (4)]
 11394 | IceCv    | Gained mutation: You have a pair of large horns on your
                  | head. [demonic ancestry]
 11394 | IceCv    | Reached XP level 12. HP: 25/92 MP: 1/21
 12146 | D:12     | Noticed a boulder beetle
 12147 | D:12     | Found a staircase to the Orcish Mines.
 12164 | D:12     | Killed a boulder beetle
 12164 | D:12     | Reached skill level 10 in Unarmed Combat
 12352 | D:12     | Noticed a two-headed ogre
 12366 | D:12     | Killed a two-headed ogre
 12546 | D:12     | HP: 6/138 [cyclops/large rock (7)]
 13038 | D:12     | Found a shadowy altar of Dithmenos.
 13228 | D:12     | Reached skill level 1 in Air Magic
 13347 | D:12     | Found a roughly hewn altar of Beogh.
 13364 | D:12     | Learned a level 3 spell: Ignite Poison
 13565 | D:13     | Found a portal to a secret trove of treasure.
 13764 | D:4      | Bought the ring of Wonder {Wiz rF++} for 545 gold pieces
 13884 | Lair:1   | Entered Level 1 of the Lair of Beasts
 13913 | Lair:1   | Found a dark tunnel.
 13926 | Volcano  | Entered a volcano
 14018 | Volcano  | Noticed a stone giant
 14026 | Volcano  | Killed a stone giant
 14026 | Volcano  | Reached XP level 13. HP: 47/99 MP: 12/23
 14090 | Volcano  | Reached skill level 5 in Poison Magic
 14256 | Lair:1   | Reached skill level 11 in Unarmed Combat
 14268 | Lair:1   | Reached skill level 10 in Invocations
 14400 | Lair:1   | Reached skill level 5 in Dodging
 14650 | Lair:1   | Noticed Joseph
 14657 | Lair:1   | Killed Joseph
 15134 | Lair:2   | Learned a level 3 spell: Frozen Ramparts
 15195 | Lair:2   | Found a staircase to the Swamp.
 15589 | Lair:2   | Noticed Gastronok
 15607 | Lair:2   | Reached skill level 1 in Ice Magic
 15607 | Lair:2   | Reached skill level 1 in Fire Magic
 15610 | Lair:2   | Killed Gastronok
 16688 | Lair:3   | Found a runed translucent gate.
 16688 | Lair:3   | Found a runed translucent gate.
 16688 | Lair:3   | Found a runed translucent gate.
 16693 | Lair:3   | Noticed stillor's ghost (journeyman OpTm)
 17059 | Lair:3   | Found a viscous altar of Jiyva.
 17244 | Lair:3   | Gained mutation: You are immune to clouds of flame.
                  | [demonic ancestry]
 17244 | Lair:3   | Reached XP level 14. HP: 108/108 MP: 7/25
 17532 | Lair:4   | Found a transporter.
 17740 | Lair:4   | Found a transporter.
 18233 | Lair:4   | Found a hole to the Spider Nest.
 18492 | Spider:1 | Entered Level 1 of the Spider Nest
 18939 | Lair:5   | Reached skill level 5 in Stealth
 19132 | Lair:5   | Found a glowing golden altar of the Shining One.
 19850 | Lair:5   | Found a staircase to the Slime Pits.
 20087 | Lair:6   | Entered Level 6 of the Lair of Beasts
 20421 | Lair:6   | Reached skill level 10 in Fighting
 20427 | Lair:6   | Reached skill level 12 in Unarmed Combat
 21055 | Lair:6   | Reached skill level 1 in Transmutations
 21703 | D:10     | HP: 4/110 [death knight/+1 glaive of pain (21)]
 21703 | D:10     | Slain by a death knight

Illustrated notes

Levels and vault maps discovered:
D:1:      dpeg_arrival_round_a, layout_loops_ring, minmay_crystal_room,
          minmay_door_square
D:2:      layout_rooms, gammafunk_temple_overflow_elements,
          nicolae_overflow_hidden_temple, elyvilon_altar_5, uniq_sigmund
D:3:      layout_basic, cheibriados_altar_1, uniq_ijyb
D:4:      layout_rooms, marbit_many_paths, portal_sewer_entry_a, serial_shops,
          shop, shop, shop, nicolae_shop_waterfront, shop, dk_noncrumbling_3
D:5:      layout_basic, lemuel_coloured_pillars_altar,
          nicolae_ossuary_entry_catacombs, basic_altar
D:6:      layout_basic, grunt_temple_overflow_champion_of_chaos, serial_shops,
          shop_fountains
D:7:      layout_loops_ring, gammafunk_temple_overflow_wave,
          grunt_qazlal_sundering, minmay_temple_entry_antechambers,
          nemelex_xobeh_ov_fountains_minmay, uniq_maggie
D:8:      layout_gridville, david_lair_generic, introduction_to_nature_2
D:9:      layout_rooms
D:10:     minmay_the_grid_3x2 [minmay_the_grid_large_cup, minmay_the_grid_box_x,
          minmay_the_grid_tree, minmay_the_grid_x, minmay_the_grid_paths,
          minmay_the_grid_prize_diamond_cup], layout_basic, serial_shops, shop
D:11:     layout_rooms, portal_ice_cave_entry_ice_beasts, basic_altar,
          chequers_serial_rivers_micro_c, eino_jars, uniq_erica
D:12:     layout_cave_pools, orc_0_dummy, basic_altar, special_room
          [special_room_orc], minmay_misc_feat_more_columns
D:13:     layout_loops_ring, skrybe_vaults_entry_preservation, enter_trove_2,
          minivault_10
Lair:1:   layout_small_grid, nicolae_volcano_entry_lava_flow, uniq_joseph
Lair:2:   cheibrodos_lair_river_kwai, layout_misc_corridors,
          minmay_swamp_entry_swarm, nicolae_quartered_pool_little,
          serial_bayou_shore_b, minmay_lair_oklob_chamber, uniq_gastronok
Lair:3:   layout_cave_pods, gammafunk_ghost_ooze, grunt_forest_large_clearings
Lair:4:   gammafunk_cloud_chamber, layout_regular_city, dummy_spider_entry
Lair:5:   layout_layer_cave, minmay_slime_entry_oklob_open, basic_altar,
          grunt_megastairs_1, lemuel_fruit_fields
Lair:6:   guppyfry_lair_end_dragon, layout_gridlike, lemuel_fruit_fields
Spider:1: layout_spider_delve

Skill      XL: |  1  2  3  4  5  6  7  8  9 10 11 12 13 14 |
---------------+-------------------------------------------+-----
Long Blades    | 2 3 |  3.1
Shields        | 3 4 5 6 7 8 |  8.1
Armour         | 3 4 5 |  5.9
Spellcasting   | 1 2 3 4 5 6 7 9 |  9.4
Unarmed Combat | 1 2 4 6 8 9 10 11 12 | 12.1
Invocations    | 1 2 3 4 6 7 8 9 11 | 11.9
Fighting       | 4 5 6 7 8 9 10 | 10.1
Dodging        | 1 2 3 4 5 |  5.5
Stealth        | 1 2 3 4 5 |  5.9
Throwing       | 1 2 3 |  3.4
Poison Magic   | 3 4 5 6 |  6.9
Air Magic      | 1 2 |  2.1
Ice Magic      | 2 |  2.5
Fire Magic     | 1 |  1.4
Transmutations | 1 |  1.1
Evocations     | |  0.1

Action                   |  1- 3 |  4- 6 |  7- 9 | 10-12 | 13-15 || total
-------------------------+-------+-------+-------+-------+-------++-------
Melee: Long sword        |    95 |   191 |    60 |       |       ||   346
       Kick              |     7 |    53 |   102 |   245 |   158 ||   565
       Headbutt          |       |    39 |    70 |   140 |    95 ||   344
       Unarmed           |       |    13 |   141 |   426 |   283 ||   863
Throw: Boomerang         |       |       |       |    89 |    24 ||   113
       Throwing net      |       |       |       |     1 |       ||     1
 Cast: Poisonous Vapours |       |       |       |    23 |    51 ||    74
       Olgreb's Toxic Ra |       |       |       |     2 |    49 ||    51
       Ignite Poison     |       |       |       |       |    24 ||    24
       Frozen Ramparts   |       |       |       |       |     5 ||     5
Invok: Slouch            |       |       |       |    14 |     4 ||    18
Evoke: Wand              |       |       |       |     3 |       ||     3
       Box of beasts     |       |       |       |     1 |       ||     1
       Condenser vane    |       |       |       |     1 |       ||     1
       Phial of floods   |       |       |       |     1 |       ||     1
  Use: Potion            |     1 |     2 |     4 |    13 |       ||    20
       Scroll            |     3 |     7 |       |    19 |     4 ||    33
 Stab: Sleeping          |       |       |       |     5 |     8 ||    13
       Distracted        |       |       |       |       |     1 ||     1
       Confused          |       |       |       |       |     1 ||     1
Armor: Scale mail        |    47 |    90 |    38 |       |       ||   175
       Steam dragon scal |       |       |    21 |    52 |       ||    73
       Troll leather arm |       |       |       |    29 |    30 ||    59
Dodge: Dodged            |    35 |    67 |    86 |   202 |   159 ||   549
Block: Kite shield       |    39 |   126 |   106 |   329 |   199 ||   799
       Reflection        |       |     1 |       |       |       ||     1
       Rpst.: Long sword |     9 |    17 |     7 |       |       ||    33

Table legend: (Time is in decaauts)
 A = Elapsed time spent in this place.
 B = Non-inter-level travel time spent in this place.
 C = Inter-level travel time spent in this place.
 D = Time resting spent in this place.
 E = Time spent auto-exploring this place.
 F = Levels seen in this place.
 G = Mean time per level.
                   A        B        C        D        E       F      G
               +--------+--------+--------+--------+--------+-----+--------+
         Total |  31015 |  29345 |   1670 |   2515 |  21552 |  24 | 1292.3 |
       Dungeon |  16536 |  15397 |   1139 |   1513 |  10891 |  13 | 1272.0 |
          Lair |  11593 |  11127 |    466 |    369 |   9572 |   6 | 1932.2 |
   Spider Nest |    207 |    143 |     64 |      0 |    108 |   1 |  207.0 |
         Sewer |   1123 |   1123 |      0 |    189 |    529 |   1 | 1123.0 |
       Ossuary |    419 |    419 |      0 |      0 |    211 |   1 |  419.0 |
      Ice Cave |    690 |    690 |      0 |    413 |      0 |   1 |  690.0 |
       Volcano |    444 |    444 |      0 |     31 |    240 |   1 |  444.0 |
               +--------+--------+--------+--------+--------+-----+--------+

Top non-repeatable levels by time:
     D:8: 2507 daAuts
  Lair:5: 2371 daAuts
  Lair:6: 2133 daAuts
    D:10: 2041 daAuts
  Lair:3: 1943 daAuts
    D:12: 1890 daAuts
  Lair:4: 1764 daAuts
  Lair:2: 1762 daAuts
  Lair:1: 1618 daAuts
     D:5: 1539 daAuts
     D:7: 1528 daAuts
     D:6: 1313 daAuts
   Sewer: 1123 daAuts
     D:9: 1121 daAuts
    D:11: 1066 daAuts
